[Event "ICC tourney 1905 (10 3)"]
[Site "Internet Chess Club"]
[Date "2020.07.05"]
[Round "1"]
[White "DanLapan"]
[Black "kptl132"]
[Result "1/2-1/2"]
[ICCResult "Game drawn by repetition"]
[WhiteElo "1576"]
[BlackElo "1499"]
[Opening "Sicilian: Smith-Morra gambit"]
[ECO "B21"]
[NIC "SI.48"]
[Time "12:08:24"]
[TimeControl "600+3"]

1. e4 c5 2. d4 cxd4 3. Qxd4 Nc6 4. Qd3 g6 5. c4 Bg7 6. Nc3 d6 7. Be3 Nf6 8.
f3 O-O 9. Rc1 Bd7 10. Qd2 Rc8 11. Nge2 a6 12. Nf4 Ne5 13. b3 Qa5 14. Be2
Rfe8 15. O-O Qc7 16. Rfd1 Qb8 17. Ncd5 Nxd5 18. Nxd5 b5 19. Nb6 Rc7 20. Nxd7
Nxd7 21. cxb5 axb5 22. Rxc7 Qxc7 23. Bxb5 Rb8 24. Bxd7 Qxd7 25. Bd4 Ra8 26.
Bxg7 Kxg7 27. Rc1 Qa7+ 28. Kf1 Qxa2 29. Qxa2 Rxa2 30. Rb1 Kf6 31. b4 Ke6 32.
h4 Kd7 33. Kg1 Kc6 34. h5 Kb5 35. Kh2 Ra4 36. Kg3 Rxb4 37. Rc1 Kb6 38. Rc8
Rb5 39. h6 Rh5 40. Rf8 f6 41. Rf7 Rxh6 42. Rxe7 Kc6 43. Kg4 Rh5 44. g3 Rh1
45. Re6 Kd7 46. Rxf6 Ke7 47. Rf4 Rh5 48. e5 Rxe5 49. Ra4 h5+ 50. Kh4 Re3 51.
f4 d5 52. Ra6 Re6 53. Ra5 Rd6 54. Kg5 d4 55. Ra2 d3 56. Rd2 Kf7 57. g4 Rd5+
58. Kh4 hxg4 59. Kxg4 Kf6 60. Kf3 Kf5 61. Ke3 Rd8 62. Kf3 Rd7 63. Ke3 Kg4
64. Rg2+ Kh3 65. Rf2 Kg3 66. Rf1 d2 67. Rg1+ Kh2 68. Rd1 Kg2 69. Ke2 Re7+
70. Kd3 Kf3 71. Rf1+ Kg2 72. Rd1 Rd7+ 73. Ke3 Rd8 74. Ke2 Rd7 75. Ke3 Rd8
76. Ke2 Rd7 77. Ke3 {Game drawn by repetition} 1/2-1/2

[Event "ICC tourney 1905 (10 3)"]
[Site "Internet Chess Club"]
[Date "2020.07.05"]
[Round "1"]
[White "dabbindino"]
[Black "Aniketshukla"]
[Result "1-0"]
[ICCResult "Black resigns"]
[WhiteElo "1551"]
[BlackElo "1489"]
[Opening "French: exchange variation"]
[ECO "C01"]
[NIC "FR.01"]
[Time "12:09:10"]
[TimeControl "600+3"]

1. e4 e6 2. d4 d5 3. exd5 exd5 4. Bd3 Bd6 5. Nf3 Nf6 6. O-O O-O 7. c3 Bg4 8.
h3 Bh5 9. Bg5 c6 10. Nbd2 Nbd7 11. Qc2 h6 12. Bh4 Qc7 13. g4 Bg6 14. Bxg6
fxg6 15. Qxg6 Bf4 16. Kg2 Rae8 17. Rae1 Bxd2 18. Nxd2 Qf4 19. Qd3 h5 20. Bg3
Qh6 21. f3 Nh7 22. Rxe8 Rxe8 23. f4 Qe6 24. Re1 Qf7 25. Rxe8+ Qxe8 26. g5
Nhf8 27. Nf3 Ne6 28. f5 Nef8 29. h4 c5 30. dxc5 Qe4 31. Qxe4 dxe4 32. Nd2
Nxc5 33. Bd6 e3 34. Nc4 Nd3 35. Nxe3 Nxb2 36. Bxf8 Kxf8 37. Nd5 g6 38. fxg6
Kg7 39. Kf3 Na4 40. Ke4 Kxg6 41. Nf4+ Kf7 42. Kd4 b5 43. Nxh5 Kg6 44. Nf4+
Kf5 45. Nd5 a5 46. a3 Kg6 47. Nc7 b4 48. cxb4 axb4 49. axb4 Kh5 50. Nd5 Kg6
51. b5 Kf7 52. b6 Nxb6 53. Nxb6 Kg6 54. Nd5 Kg7 55. Ke5 Kh8 56. Kf6 Kg8 57.
g6 Kh8 58. g7+ Kg8 59. Ne7+ Kh7 {Black resigns} 1-0

[Event "ICC tourney 1905 (10 3)"]
[Site "Internet Chess Club"]
[Date "2020.07.05"]
[Round "1"]
[White "Candychessguru"]
[Black "Kyle2007"]
[Result "1-0"]
[ICCResult "Black resigns"]
[WhiteElo "1638"]
[BlackElo "1432"]
[Opening "Bogo-Indian defense, Nimzovich variation"]
[ECO "E11"]
[NIC "QI.01"]
[Time "12:08:23"]
[TimeControl "600+3"]

1. d4 Nf6 2. Nf3 e6 3. c4 Bb4+ 4. Bd2 Qe7 5. Nc3 Nc6 6. Qc2 O-O 7. a3 Bxc3
8. Bxc3 a5 9. e4 d6 10. Be2 e5 11. d5 Nb8 12. O-O Nbd7 13. b4 Re8 14. Rfe1
Nf8 15. Bf1 Ng6 16. g3 Nh5 17. Bg2 Rf8 18. Bd2 f5 19. exf5 Bxf5 20. Qc3 Nf6
21. Ng5 h6 22. Ne4 Nxe4 23. Bxe4 Bxe4 24. Rxe4 Qf6 25. Rf1 axb4 26. axb4 Qf3
27. Re3 Qf7 28. Re2 Qf3 29. Re3 Qf7 30. Qd3 Qf5 31. Qxf5 Rxf5 32. Kg2 Ra2
33. Rd1 Rf8 34. c5 Ne7 35. Be1 Nf5 36. Rc3 Kh7 37. cxd6 cxd6 38. Rd2 Rxd2
39. Bxd2 Rf7 40. Be3 Nxe3+ 41. fxe3 Kg6 42. e4 Rd7 43. Rc8 Kf7 44. b5 Ke7
45. b6 Rd8 46. Rc3 Rd7 47. Kf3 g6 48. Kg4 Rd8 49. h4 Rd7 50. Rc8 Kf6 51.
Rf8+ Rf7 52. Re8 h5+ 53. Kh3 Rd7 54. Rc8 Ke7 55. g4 Rd8 56. Rc3 Rd7 57. Kg3
Kf6 58. Rc8 Kf7 59. Rh8 Kg7 60. Re8 Kf7 61. Re6 Kg7 62. gxh5 gxh5 63. Re8
Kf7 64. Rh8 Kg6 65. Rc8 Kf7 66. Rc7 Ke7 67. Rc8 Kf7 68. Kf3 Kf6 69. Rf8+ Kg7
70. Rc8 Kf7 71. Rc6 Ke7 72. Rc8 Rd8 73. Rc2 Rd7 74. Rg2 Kf6 75. Rg5 Rh7 76.
Ke3 Rh8 77. Kd3 Rh7 78. Kc4 Rh8 79. Kb5 Rh7 80. Rg8 Rd7 81. Rh8 Kg6 82. Re8
Kf7 83. Re6 Kg7 84. Kc4 Kh7 85. Re8 Kg7 86. Rc8 Kf7 87. Rb8 Kg7 88. Rc8 Kf7
89. Kb5 Kf6 90. Rg8 Rh7 91. Re8 Rd7 92. Re6+ Kg7 93. Re8 Kf7 94. Rc8 Kf6 95.
Rc7 Ke7 96. Rc2 Kf7 97. Rg2 Kf6 98. Rg8 Rh7 99. Re8 Rd7 100. Rh8 Kg6 101.
Rf8 Kg7 102. Rc8 Kf7 103. Rc2 Kf6 104. Rg2 Rh7 105. Rg8 Kf7 106. Rb8 Kf6
107. Rxb7 Rxb7 108. Kc6 Rb8 109. b7 Rg8 110. Kxd6 Rd8+ 111. Kc7 Ke7 112.
b8=Q Rxb8 113. Kxb8 Kd6 114. Kb7 Kc5 115. Kc7 Kd4 116. d6 Kxe4 117. d7 Kf3
118. d8=Q e4 119. Qf6+ Kg3 120. Qg5+ Kf2 121. Qxh5 e3 122. Qf5+ Kg3 123. h5
e2 124. Qe5+ Kf2 125. h6 e1=Q 126. Qxe1+ {Black resigns} 1-0

[Event "ICC tourney 1905 (10 3)"]
[Site "Internet Chess Club"]
[Date "2020.07.05"]
[Round "2"]
[White "espark"]
[Black "GutsyEdge"]
[Result "1-0"]
[ICCResult "Black resigns"]
[WhiteElo "1731"]
[BlackElo "1102"]
[Opening "Sicilian: Keres variation (2.Ne2)"]
[ECO "B20"]
[NIC "SI.48"]
[Time "12:42:01"]
[TimeControl "600+3"]

1. e4 c5 2. Ne2 Nf6 3. Nbc3 e6 4. d4 cxd4 5. Nxd4 Qc7 6. Ndb5 Qa5 7. e5 Nd5
8. Bd2 Nxc3 9. Bxc3 Qd8 10. Nd6+ Bxd6 11. Qxd6 Qe7 12. Qxe7+ Kxe7 13. Bb4+
Ke8 14. Bd6 Nc6 15. O-O-O b6 16. h4 Bb7 17. Rh3 f6 18. f4 Kf7 19. h5 g6 20.
h6 fxe5 21. fxe5 Ne7 22. g4 g5 23. Bb5 Nc6 24. Rf1+ Ke8 25. Rhf3 Ne7 26. Rf7
Ng6 {Black resigns} 1-0

[Event "ICC tourney 1905 (10 3)"]
[Site "Internet Chess Club"]
[Date "2020.07.05"]
[Round "2"]
[White "jy2020"]
[Black "GGuseinov"]
[Result "0-1"]
[ICCResult "White resigns"]
[WhiteElo "1922"]
[BlackElo "3060"]
[Opening "Sicilian: accelerated fianchetto, Gurgenidze variation"]
[ECO "B36"]
[NIC "SI.33"]
[Time "12:41:12"]
[TimeControl "600+3"]

1. e4 c5 2. Nf3 g6 3. d4 cxd4 4. Nxd4 Nc6 5. c4 Nf6 6. Nc3 Nxd4 7. Qxd4 d6
8. Be2 Bg7 9. Be3 O-O 10. Qd2 a5 11. O-O a4 12. f3 Qa5 13. Rac1 Be6 14. Rfd1
Rfc8 15. Nd5 Qxd2 16. Bxd2 Bxd5 17. exd5 Nd7 18. Bc3 Bxc3 19. Rxc3 Nc5 20.
Rdc1 Ra6 21. Kf2 Rb6 22. R1c2 Na6 23. Rd2 Kf8 24. Bd1 Rb4 25. Be2 Nc5 26.
Ke3 Ra8 27. Bd1 Ra6 28. a3 Rbb6 29. Bc2 Rxb2 30. Bd1 Rb1 31. Bc2 Re1+ 32.
Kf2 Rc1 33. Rd1 Rxd1 34. Bxd1 Rb6 35. Bc2 Rb2 36. Ke3 Ra2 37. g3 g5 38. h3
h6 39. Kd4 Kg7 40. f4 gxf4 41. gxf4 Kf6 42. Ke3 Nb3 43. Kd3 Rxa3 44. Ke3 Ra1
45. Bxb3 Ra3 {White resigns} 0-1

[Event "ICC tourney 1905 (10 3)"]
[Site "Internet Chess Club"]
[Date "2020.07.05"]
[Round "2"]
[White "Xuanli28"]
[Black "playtowin2020"]
[Result "0-1"]
[ICCResult "White resigns"]
[WhiteElo "1628"]
[BlackElo "1550"]
[Opening "Sicilian: Hungarian variation"]
[ECO "B27"]
[NIC "SI.43"]
[Time "12:41:05"]
[TimeControl "600+3"]

1. e4 c5 2. Nf3 g6 3. Nc3 Bg7 4. h3 Nc6 5. Bb5 a6 6. Bxc6 bxc6 7. O-O Nf6 8.
d3 O-O 9. Be3 d6 10. Qd2 Nd7 11. Bh6 f5 12. Bxg7 Kxg7 13. Nh2 Nf6 14. f4 Rb8
15. b3 d5 16. Qf2 d4 17. e5 Nd5 18. Na4 Qa5 19. Rfe1 Be6 20. Nf3 Ne3 21. c3
Rfd8 22. cxd4 cxd4 23. Nxd4 Rxd4 24. Qxe3 Rbd8 25. Red1 c5 26. Nb2 Qc3 27.
Rd2 c4 28. bxc4 Bxc4 29. Rad1 Bxa2 30. Qf3 Bb3 31. Qb7 R8d7 32. Qb6 Bxd1 33.
Rxd1 Rxf4 34. Qd6 {White resigns} 0-1

[Event "ICC tourney 1905 (10 3)"]
[Site "Internet Chess Club"]
[Date "2020.07.05"]
[Round "2"]
[White "allez"]
[Black "GeneraLisimus"]
[Result "0-1"]
[ICCResult "White resigns"]
[WhiteElo "2066"]
[BlackElo "2877"]
[Opening "King's Indian: 4.e4"]
[ECO "E70"]
[NIC "KI.52"]
[Time "12:41:07"]
[TimeControl "600+3"]

1. d4 Nf6 2. c4 g6 3. Nc3 Bg7 4. e4 O-O 5. Nge2 d6 6. f3 c5 7. d5 e6 8. Ng3
exd5 9. cxd5 a6 10. a4 Nbd7 11. Be2 Ne8 12. O-O Rb8 13. Bf4 Ne5 14. Qd2 Bd7
15. Bg5 f6 16. Bh6 Bxh6 17. Qxh6 Ng7 18. Qd2 b5 19. axb5 axb5 20. Nd1 f5 21.
b4 Qb6 22. f4 Nc4 23. Bxc4 cxb4+ 24. Kh1 bxc4 25. e5 c3 26. Nxc3 bxc3 27.
Qxc3 Rfc8 28. Qe1 Qb4 29. Qf2 Qc5 30. Qd2 Qc3 31. Qd1 dxe5 32. Ra7 Bb5 33.
d6 Bxf1 34. Qd5+ Kh8 35. Qf7 Bxg2+ 36. Kxg2 exf4 37. d7 Rf8 38. d8=Q Rbxd8
{White resigns}
0-1

[Event "ICC tourney 1905 (10 3)"]
[Site "Internet Chess Club"]
[Date "2020.07.05"]
[Round "2"]
[White "Aniketshukla"]
[Black "danbron"]
[Result "1-0"]
[ICCResult "Black resigns"]
[WhiteElo "1534"]
[BlackElo "1893"]
[Opening "Sicilian: accelerated fianchetto, modern variation with Bc4"]
[ECO "B35"]
[NIC "SI.33"]
[Time "12:41:29"]
[TimeControl "600+3"]

1. e4 c5 2. Nf3 Nc6 3. d4 cxd4 4. Nxd4 g6 5. Nc3 Bg7 6. Be3 Nf6 7. Bc4 Qa5
8. O-O O-O 9. Kh1 Qb4 10. Bb3 Ng4 11. Qxg4 Bxd4 12. Nd5 Qc5 13. Bxd4 Nxd4
14. Qh4 Nc6 15. f4 Kg7 16. f5 f6 17. Rf3 g5 18. Qh5 Ne5 19. Rh3 Rh8 20. Qh6+
Kf7 21. Nxf6+ Nc4 22. Nxh7 Rg8 23. Qh5+ Kg7 24. Qg6+ {Black resigns} 1-0

[Event "ICC tourney 1905 (10 3)"]
[Site "Internet Chess Club"]
[Date "2020.07.05"]
[Round "2"]
[White "TjkTiger"]
[Black "PushU2Blunders"]
[Result "0-1"]
[ICCResult "White forfeits on time"]
[WhiteElo "2173"]
[BlackElo "2119"]
[Opening "English: symmetrical variation"]
[ECO "A16"]
[NIC "EO.64"]
[Time "12:41:09"]
[TimeControl "600+3"]

1. c4 Nf6 2. Nc3 c5 3. g3 Nc6 4. Bg2 e6 5. Nf3 Be7 6. O-O Qb6 7. b3 O-O 8.
Bb2 d5 9. cxd5 Nxd5 10. Nxd5 exd5 11. d4 c4 12. Bc3 cxb3 13. axb3 Bf5 14.
Ne1 Qb5 15. Nd3 Bxd3 16. Qxd3 Qxd3 17. exd3 Rfd8 18. Ra4 a5 19. Rfa1 b6 20.
Rc1 Bf6 21. Bb2 b5 22. Raa1 Nxd4 23. Bxd4 Bxd4 24. Ra2 g6 25. Bf3 Kg7 26.
Rc7 a4 27. bxa4 b4 28. Rb7 Rdb8 29. Bxd5 Rxb7 30. Bxb7 Ra5 31. Bc6 Rc5 32.
Bb5 b3 33. Ra3 Rc3 {White forfeits on time} 0-1

[Event "ICC tourney 1905 (10 3)"]
[Site "Internet Chess Club"]
[Date "2020.07.05"]
[Round "2"]
[White "RagingKnightNC"]
[Black "harkerchess"]
[Result "0-1"]
[ICCResult "White resigns"]
[WhiteElo "1552"]
[BlackElo "1256"]
[Opening "Vienna gambit"]
[ECO "C29"]
[NIC "VG.04"]
[Time "12:42:01"]
[TimeControl "600+3"]

1. e4 e5 2. Nc3 Nf6 3. f4 d6 4. Nf3 Nc6 5. Bb5 Bg4 6. h3 Bxf3 7. Qxf3 exf4
8. d4 a6 9. Bxc6+ bxc6 10. Bxf4 Nd7 11. O-O Be7 12. Bxd6 O-O 13. Bf4 Nb6 14.
Rad1 Bd6 15. e5 Be7 16. Qg4 f5 17. exf6 Bxf6 18. Ne4 Nd5 19. Bg5 Bxg5 20.
Nxg5 Qd6 21. Ne6 Rxf1+ 22. Rxf1 Qe7 23. Qf5 Ne3 24. Qe5 Nxf1 25. Kxf1 Qf7+
26. Nf4 Re8 27. Qg5 h6 28. Qg3 Rf8 29. Kg1 Qxf4 30. Qb3+ Qf7 31. Qc3 Qf1+
32. Kh2 Qf4+ 33. Kg1 Re8 34. Qc4+ Kh8 35. Qb4 c5 36. Qc3 Qxd4+ {White
resigns} 0-1

[Event "ICC tourney 1905 (10 3)"]
[Site "Internet Chess Club"]
[Date "2020.07.05"]
[Round "2"]
[White "chessmate09520"]
[Black "Kiwimonster31"]
[Result "0-1"]
[ICCResult "White resigns"]
[WhiteElo "1302"]
[BlackElo "1478"]
[Opening "Giuoco Pianissimo"]
[ECO "C55"]
[NIC "IG.01"]
[Time "12:41:23"]
[TimeControl "600+3"]

1. e4 e5 2. Nf3 Nc6 3. Bc4 Nf6 4. d3 Bc5 5. c3 d6 6. O-O O-O 7. a4 a6 8. Bg5
h6 9. Bh4 g5 10. Bg3 Ne7 11. b4 Ba7 12. Na3 Ng6 13. Re1 Bg4 14. h3 Be6 15.
Qb3 Qe7 16. d4 Nh5 17. Bh2 Nhf4 18. Nc2 Qf6 19. Rad1 Bxc4 20. Qxc4 Nxh3+ 21.
Kf1 g4 22. gxh3 Qxf3 23. hxg4 Qh1+ 24. Bg1 Nf4 25. Re3 Qg2+ 26. Ke1 Qxg1+
27. Kd2 Qxf2+ 28. Kc1 b5 29. Qb3 exd4 30. cxd4 bxa4 31. Qa3 Ne6 32. Rf3 Qe2
33. Re3 Qb5 34. Rh3 Kg7 35. Rh5 Ng5 36. Rdh1 Rh8 37. Qh3 {White resigns} 0-1

[Event "ICC tourney 1905 (10 3)"]
[Site "Internet Chess Club"]
[Date "2020.07.05"]
[Round "2"]
[White "manest"]
[Black "Candychessguru"]
[Result "1-0"]
[ICCResult "Black checkmated"]
[WhiteElo "2784"]
[BlackElo "1638"]
[Opening "English opening"]
[ECO "A05"]
[NIC "QP.11"]
[Time "12:41:44"]
[TimeControl "600+3"]

1. Nf3 Nf6 2. c4 e6 3. Nc3 d5 4. e3 Bd6 5. b3 O-O 6. Bb2 c6 7. d4 Nbd7 8. h3
Qe7 9. Bd3 dxc4 10. bxc4 e5 11. Qc2 exd4 12. Nxd4 Ne5 13. Be2 Re8 14. O-O
Be6 15. Nxe6 Qxe6 16. Ne4 Nxe4 17. Qxe4 Rad8 18. Rad1 Qg6 19. Qxg6 Nxg6 20.
Bd4 c5 21. Bb2 Be5 22. Ba3 b6 23. Bf3 Bc3 24. Bc6 Rf8 25. Bc1 Ne5 26. Bd5 g6
27. e4 Kg7 28. f4 Nd7 29. e5 Bd4+ 30. Kh1 Rfe8 31. g4 g5 32. fxg5 Nxe5 33.
Bf4 Re7 34. Bg3 Rde8 35. a4 Rd8 36. Rf5 Rde8 37. Rdf1 Rf8 38. h4 Rfe8 39.
Bxe5+ Bxe5 40. Rxf7+ Rxf7 41. Rxf7+ Kh8 42. Rxa7 Bg3 43. h5 Bh4 44. Rb7 Bxg5
45. Rxb6 Bd2 46. Rb5 Bb4 47. g5 Rf8 48. Rb7 Rd8 49. g6 hxg6 50. hxg6 Bc3 51.
Rh7# {Black checkmated} 1-0

[Event "ICC tourney 1905 (10 3)"]
[Site "Internet Chess Club"]
[Date "2020.07.05"]
[Round "2"]
[White "Kyle2007"]
[Black "ickyquarter"]
[Result "1-0"]
[ICCResult "Black checkmated"]
[WhiteElo "1528"]
[BlackElo "1706"]
[Opening "Sicilian: Canal-Sokolsky attack, Sokolsky variation"]
[ECO "B52"]
[NIC "SI.01"]
[Time "12:41:07"]
[TimeControl "600+3"]

1. e4 c5 2. Nf3 d6 3. Bb5+ Bd7 4. Bxd7+ Qxd7 5. c4 Nc6 6. Nc3 g6 7. d4 cxd4
8. Nxd4 Bg7 9. Be3 Nf6 10. f3 O-O 11. O-O Rac8 12. b3 a6 13. a4 Ne5 14. Qd2
h5 15. Nd5 Nxd5 16. exd5 Qc7 17. Rad1 Nd7 18. Bh6 Nc5 19. Bxg7 Kxg7 20. Qc3
Kh7 21. f4 Qb6 22. Kh1 Ne4 23. Qe3 Nc5 24. Qxe7 Rce8 25. a5 Rxe7 26. axb6 f5
27. b4 Na4 28. Ne6 Rc8 29. c5 dxc5 30. bxc5 Nxc5 31. Rc1 Rd7 32. Rxc5 Rxc5
33. Nxc5 Rxd5 34. Rc1 Rd6 35. Rb1 Rd4 36. Nxb7 Rxf4 37. Na5 Ra4 38. b7 Rxa5
39. b8=Q Rb5 40. Rxb5 axb5 41. Qxb5 Kh6 42. h4 Kg7 43. Qd7+ Kh6 44. Qf7 g5
45. g3 f4 46. Qf6+ Kh7 47. hxg5 fxg3 48. g6+ Kh6 49. g7+ Kh7 50. Qf7 g2+ 51.
Kg1 h4 52. g8=Q+ Kh6 53. Qgg6# {Black checkmated} 1-0

[Event "ICC tourney 1905 (10 3)"]
[Site "Internet Chess Club"]
[Date "2020.07.05"]
[Round "2"]
[White "JosephLevine"]
[Black "Wizard98"]
[Result "1-0"]
[ICCResult "Black resigns"]
[WhiteElo "1796"]
[BlackElo "2207"]
[Opening "Sicilian: Sozin, Leonhardt variation"]
[ECO "B88"]
[NIC "SI.26"]
[Time "12:41:35"]
[TimeControl "600+3"]

1. e4 c5 2. Nf3 Nc6 3. d4 cxd4 4. Nxd4 Nf6 5. Nc3 d6 6. Bc4 e6 7. O-O Be7 8.
Be3 O-O 9. f4 Bd7 10. Qf3 Rc8 11. Bd3 Qc7 12. Nb3 Nb4 13. Rac1 Bc6 14. a3
Na6 15. g4 d5 16. e5 d4 17. Qh3 g6 18. exf6 Bxf6 19. Nxd4 Nc5 20. Nxc6 Qxc6
21. Qf3 Qc7 22. Kg2 Bg7 23. h4 Nxd3 24. cxd3 Qd7 25. Rfd1 f5 26. g5 b6 27.
d4 h6 28. h5 hxg5 29. fxg5 f4 30. Bf2 gxh5 31. Rh1 Rf5 32. Ne4 Rxc1 33. Rxc1
Bxd4 34. Rd1 e5 35. Nf6+ Rxf6 36. gxf6 {Black resigns} 1-0

[Event "ICC tourney 1905 (10 3)"]
[Site "Internet Chess Club"]
[Date "2020.07.05"]
[Round "2"]
[White "Openyagami"]
[Black "Venegas"]
[Result "1-0"]
[ICCResult "Black resigns"]
[WhiteElo "2897"]
[BlackElo "1653"]
[Opening "English opening"]
[ECO "A15"]
[NIC "EO.64"]
[Time "12:42:01"]
[TimeControl "600+3"]

1. c4 Nf6 2. Nf3 g6 3. Nc3 Bg7 4. e4 O-O 5. d4 c5 6. dxc5 Qa5 7. Bd2 Qxc5 8.
Bd3 d6 9. h3 Nc6 10. Be3 Qa5 11. O-O Bd7 12. a3 Rfc8 13. b4 Qd8 14. Rc1 e6
15. Qd2 Qe7 16. Rfd1 Be8 17. c5 Nd7 18. Bg5 Qf8 19. cxd6 Qxd6 20. Nb5 Qf8
21. Be2 h6 22. Bh4 Nf6 23. Qe3 a6 24. Nd6 Rcb8 25. Bg3 Nh5 26. Bh2 e5 27.
Bc4 Qe7 28. Bd5 Kh7 29. Nxe8 Rxe8 30. g4 Nf4 31. Bxf4 exf4 32. Qxf4 Ne5 33.
Nxe5 Bxe5 34. Qxf7+ Qxf7 35. Bxf7 Re7 36. Bd5 Bb2 37. Rb1 Bxa3 38. Rd3
{Black resigns}
1-0

[Event "ICC tourney 1905 (10 3)"]
[Site "Internet Chess Club"]
[Date "2020.07.05"]
[Round "2"]
[White "Aleksandrov73"]
[Black "kptl132"]
[Result "1-0"]
[ICCResult "Black resigns"]
[WhiteElo "2326"]
[BlackElo "1516"]
[Opening "Benk? gambit"]
[ECO "A58"]
[NIC "BI.41"]
[Time "12:41:19"]
[TimeControl "600+3"]

1. d4 Nf6 2. c4 c5 3. d5 b5 4. cxb5 a6 5. bxa6 g6 6. Nc3 Bxa6 7. e4 Bxf1 8.
Kxf1 d6 9. g3 Bg7 10. Nf3 Nbd7 11. Kg2 O-O 12. Bd2 Ra6 13. Re1 Qa8 14. a4 e6
15. dxe6 fxe6 16. Ng5 d5 17. Nb5 Qb7 18. exd5 exd5 19. Ne6 Rxe6 20. Rxe6 Ne4
21. f3 Nxd2 22. Qxd2 d4 23. Qe2 Ne5 24. Rf1 d3 25. Qe4 Qxe4 26. fxe4 Rxf1
27. Kxf1 Nc4 28. Re8+ Kf7 29. Rd8 Nxb2 30. Rd7+ Kf8 31. a5 Bh6 32. a6 d2 33.
a7 {Black resigns} 1-0

[Event "ICC tourney 1905 (10 3)"]
[Site "Internet Chess Club"]
[Date "2020.07.05"]
[Round "2"]
[White "andrewjiang2"]
[Black "davika21"]
[Result "0-1"]
[ICCResult "White checkmated"]
[WhiteElo "1100"]
[BlackElo "1562"]
[Opening "Hungarian defense"]
[ECO "C50"]
[NIC "IG.03"]
[Time "12:41:10"]
[TimeControl "600+3"]

1. e4 e5 2. Nf3 Nc6 3. Bc4 Be7 4. d4 d6 5. O-O Nf6 6. Nc3 O-O 7. Bg5 h6 8.
Bh4 Bg4 9. d5 Nd4 10. Be2 Bxf3 11. Bxf3 Nxd5 12. Nxd5 Bxh4 13. c3 Ne6 14. g3
Be7 15. Bg2 c6 16. Ne3 Qc7 17. Nf5 Rfd8 18. Qg4 Kh7 19. f4 Bf8 20. Nh4 exf4
21. gxf4 d5 22. e5 Qd7 23. f5 Ng5 24. Rae1 Bc5+ 25. Kh1 Re8 26. Qh5 d4 27.
b4 Bb6 28. c4 Bc7 29. e6 Qd6 30. Nf3 Nxf3 31. Bxf3 fxe6 32. Qg6+ Kh8 33. f6
Qxh2# {White checkmated} 0-1

[Event "ICC tourney 1905 (10 3)"]
[Site "Internet Chess Club"]
[Date "2020.07.05"]
[Round "2"]
[White "IAlwaysWin"]
[Black "RisingRook"]
[Result "0-1"]
[ICCResult "White forfeits on time"]
[WhiteElo "1531"]
[BlackElo "1599"]
[Opening "R?ti opening"]
[ECO "A06"]
[NIC "QP.09"]
[Time "12:41:09"]
[TimeControl "600+3"]

1. Nf3 d5 2. e3 c5 3. b3 Nc6 4. Bb2 a6 5. d4 cxd4 6. Nxd4 Nf6 7. Be2 Qc7 8.
O-O e5 9. Nxc6 bxc6 10. c4 Bd6 11. cxd5 cxd5 12. Nc3 Bb7 13. h3 O-O 14. Rc1
Qe7 15. Na4 Rad8 16. Rc2 Ne4 17. Nb6 d4 18. exd4 exd4 19. Nc4 Bb8 20. Bf3 d3
21. Rc1 Ba7 22. Ne5 Qh4 23. Kh2 Bxf2 24. Bxe4 Bg3+ 25. Kg1 Qxe4 26. Nf3 Qe2
27. Rc7 Bxf3 28. Rxf3 Qxd1+ {White forfeits on time} 0-1

[Event "ICC tourney 1905 (10 3)"]
[Site "Internet Chess Club"]
[Date "2020.07.05"]
[Round "2"]
[White "dopolian"]
[Black "musk6868"]
[Result "1-0"]
[ICCResult "Black forfeits on time"]
[WhiteElo "2084"]
[BlackElo "1774"]
[Opening "Sicilian: accelerated fianchetto, Mar?czy bind"]
[ECO "B36"]
[NIC "SI.33"]
[Time "12:41:10"]
[TimeControl "600+3"]

1. e4 c5 2. Nf3 Nc6 3. d4 cxd4 4. Nxd4 g6 5. c4 Nf6 6. Nc3 d6 7. Nc2 Bg7 8.
Be2 O-O 9. O-O Nd7 10. Bd2 Nc5 11. f3 Ne6 12. Rb1 Ncd4 13. Ne3 Nxe2+ 14.
Nxe2 Nd4 15. Kh1 Nxe2 16. Qxe2 Be6 17. b4 b5 18. Rfc1 bxc4 19. Nxc4 Qd7 20.
Bc3 Bxc3 21. Rxc3 Qb5 22. Qc2 Rac8 23. a4 Qg5 24. Rc1 Rc7 25. Qd2 Qxd2 26.
Nxd2 Rxc3 27. Rxc3 Rb8 28. b5 a6 29. bxa6 Ra8 30. Rc6 Bd7 31. Rc7
{Black forfeits on time}
1-0

[Event "ICC tourney 1905 (10 3)"]
[Site "Internet Chess Club"]
[Date "2020.07.05"]
[Round "2"]
[White "MrNormalName"]
[Black "gmRohde"]
[Result "0-1"]
[ICCResult "White checkmated"]
[WhiteElo "1777"]
[BlackElo "1788"]
[Opening "Catalan opening"]
[ECO "E00"]
[NIC "CA.01"]
[Time "12:41:23"]
[TimeControl "600+3"]

1. d4 Nf6 2. c4 e6 3. g3 Bb4+ 4. Bd2 Qe7 5. Bg2 Nc6 6. Nf3 Bxd2+ 7. Nbxd2 d6
8. O-O O-O 9. e3 e5 10. dxe5 dxe5 11. Ng5 Rd8 12. Qe2 Bg4 13. f3 Bf5 14. g4
Bd3 15. Qf2 Bxf1 16. Bxf1 Nxg4 17. Qh4 Nf6 18. Nde4 h6 19. Nh3 Nxe4 20. Qxe4
Qd7 21. Nf2 f5 22. Qh4 Qe7 23. Qh5 Qf7 24. Qh3 Rd2 25. Rb1 Qg6+ 26. Bg2 Rad8
27. a3 f4 28. e4 h5 29. Qh4 Rc2 30. Kh1 Qf6 31. Qxh5 Rxf2 32. Bh3 Ne7 33.
Rg1 Rfd2 34. Bf5 Nxf5 35. exf5 Rd1 36. Rxd1 Rxd1+ 37. Kg2 Rd8 38. Kh1 Rf8
39. Qh3 Qxf5 40. Qf1 e4 41. fxe4 Qxe4+ 42. Kg1 f3 43. Qd1 f2+ 44. Kf1 Qh1+
45. Ke2 Qxd1+ 46. Kxd1 f1=Q+ 47. Kc2 Qxc4+ 48. Kd2 Re8 49. Kd1 Re2 50. b3
Qc2# {White checkmated} 0-1

[Event "ICC tourney 1905 (10 3)"]
[Site "Internet Chess Club"]
[Date "2020.07.05"]
[Round "2"]
[White "taupuri"]
[Black "ganzy"]
[Result "0-1"]
[ICCResult "White checkmated"]
[WhiteElo "1302"]
[BlackElo "1393"]
[Opening "Queen's pawn game"]
[ECO "A46"]
[NIC "QP.05"]
[Time "12:41:11"]
[TimeControl "600+3"]

1. d4 Nf6 2. Nf3 e6 3. Bf4 d5 4. e3 c5 5. c3 Nc6 6. Bd3 cxd4 7. exd4 Bd6 8.
Bg3 Ne4 9. Nbd2 f5 10. Bh4 Qb6 11. Qb3 h6 12. Qxb6 axb6 13. Bg3 f4 14. Bxe4
dxe4 15. Nxe4 Bc7 16. Bh4 g5 17. Nexg5 hxg5 18. Bxg5 O-O 19. Kd2 e5 20. d5
e4 21. dxc6 exf3 22. gxf3 bxc6 23. Rhg1 Kf7 24. a3 Be6 25. Kc2 Bd5 26. Rae1
Rae8 27. h4 Bxf3 28. Bh6 Rxe1 29. Rxe1 Re8 30. Rxe8 Kxe8 31. Kd3 Kf7 32. Bg5
Ke6 33. b4 Kf5 34. Kd4 Be5+ 35. Kd3 Kg4 36. a4 Bc7 37. c4 Kh3 38. Kd2 Kg2
39. Ke1 Bd6 40. Kd2 Bxb4+ 41. Kc2 Kxf2 42. Bxf4 Ke2 43. Bc7 Bc5 44. Kb3 Kd3
45. Bd8 Bd1+ 46. Ka2 Kc2 47. a5 Be2 48. axb6 Bxc4+ 49. Ka1 Bd4#
{White checkmated}
0-1

[Event "ICC tourney 1905 (10 3)"]
[Site "Internet Chess Club"]
[Date "2020.07.05"]
[Round "2"]
[White "Ktsuei1102"]
[Black "bpovo1394"]
[Result "0-1"]
[ICCResult "White resigns"]
[WhiteElo "1350"]
[BlackElo "1068"]
[Opening "QGD Slav: Tolush-Geller gambit"]
[ECO "D15"]
[NIC "SL.03"]
[Time "12:41:04"]
[TimeControl "600+3"]

1. d4 d5 2. c4 c6 3. Nc3 Nf6 4. Nf3 dxc4 5. e4 b5 6. e5 Nd5 7. a4 e6 8. axb5
Nxc3 9. bxc3 cxb5 10. g3 Bb7 11. Bg2 Be7 12. O-O O-O 13. Be3 Bd5 14. Nd2 Nc6
15. f4 Bxg2 16. Kxg2 Qd5+ 17. Kg1 a5 18. f5 exf5 19. Rxf5 b4 20. Qg4 Qe6 21.
Qe4 g6 22. Rff1 Rfd8 23. cxb4 axb4 24. Rxa8 Rxa8 25. d5 Qxe5 26. dxc6 Qxe4
27. Nxe4 Rc8 28. Ra1 Rxc6 29. Ra8+ Kg7 30. Bd4+ f6 31. Ra7 Kf8 32. Ra8+ Kf7
33. Ra7 Ke6 34. Kf2 f5 35. Nd2 Rd6 36. Be3 Rd3 37. Nxc4 Rc3 38. Na5 Rxe3 39.
Kxe3 Bc5+ 40. Kd3 Bxa7 41. Kc4 Bg1 42. h3 Bh2 43. g4 Bd6 44. Nb3 fxg4 45.
hxg4 Ke5 46. Nd4 Kf4 47. g5 Kxg5 48. Ne6+ Kf6 {White resigns} 0-1